TOP OF THE 1ST |
Cincinnati Pride batting - Pitching for Barry's Bay Orioles : LHP Ben Turner
|
Pitching: LHP Ben Turner
|
|
Batting: RHB Larry Booth
|
0-0: Called Strike 0-1: Ball 1-1: Hit by Pitch
|
Batting: RHB Gabriel Villegas
|
0-0: Called Strike 0-1: Swinging Strike 0-2: Ball 1-2: Foul Ball, location: 2F 1-2: Ball 2-2: Strikes out swinging
|
Batting: RHB Michael Skinner
|
0-0: Called Strike 0-1: Grounds into double play, 6-4-3 (Groundball, 6)
|
Top of the 1st over - 0 run(s), 0 hit(s), 0 error(s), 0 left on base; Cincinnati 0 - Barry's Bay 0 |
BOTTOM OF THE 1ST |
Barry's Bay Orioles batting - Pitching for Cincinnati Pride : RHP Jesús Andrade
|
Pitching: RHP Jesús Andrade
|
|
Batting: LHB Joe Baker
|
0-0: Called Strike 0-1: Ball 1-1: Ball 2-1: Fly out, F4 (Line Drive, 4)
|
Batting: RHB Juan Méndez
|
0-0: Foul Ball, location: 2F 0-1: Swinging Strike 0-2: Strikes out swinging
|
Batting: RHB Shaun Puckett
|
0-0: Ball 1-0: Called Strike 1-1: Ground out 6-3 (Groundball, 6M)
|
Bottom of the 1st over - 0 run(s), 0 hit(s), 0 error(s), 0 left on base; Cincinnati 0 - Barry's Bay 0 |
TOP OF THE 2ND |
Cincinnati Pride batting - Pitching for Barry's Bay Orioles : LHP Ben Turner
|
Batting: RHB Roberto Chávez
|
0-0: Called Strike 0-1: Fly out, F6 (Popup, 6M)
|
Batting: RHB Randy Simons
|
0-0: Called Strike 0-1: Ball 1-1: Foul Ball, location: 2F 1-2: Ball 2-2: DOUBLE (Line Drive, 8RXD)
|
Batting: SHB Rafael Villa
|
0-0: Ball 1-0: Ball 2-0: Ball 3-0: Called Strike 3-1: Base on Balls
|
Batting: RHB Wilson Flores
|
0-0: SINGLE (Line Drive, 7LS) Randy Simons to third Rafael Villa to second
|
Batting: LHB Marvin Morris
|
0-0: Ball 1-0: Swinging Strike 1-1: Swinging Strike 1-2: Hit by Pitch Randy Simons scores Rafael Villa to third Wilson Flores to second
|
Batting: RHB Norris Howard
|
0-0: Called Strike 0-1: Ball 1-1: Called Strike 1-2: Foul Ball, location: 2F 1-2: Ball 2-2: Fly out, F7 (Flyball, 7M)
|
Batting: RHB Larry Booth
|
0-0: Foul Ball, location: 2F 0-1: Ball 1-1: Ball 2-1: Foul Ball, location: 2F 2-2: SINGLE (Popup, 4D) Rafael Villa scores Wilson Flores to third Marvin Morris to second Runner from 3rd tries for Home, SAFE, no throw or cutoff
|
Batting: RHB Gabriel Villegas
|
0-0: Ball Reached via error on a dropped throw, E3 Marvin Morris to third Larry Booth to second
|
Batting: RHB Michael Skinner
|
0-0: Called Strike 0-1: Ball 1-1: Fly out, F3 (Popup, 3F)
|
Top of the 2nd over - 3 run(s), 3 hit(s), 1 error(s), 3 left on base; Cincinnati 3 - Barry's Bay 0 |
BOTTOM OF THE 2ND |
Barry's Bay Orioles batting - Pitching for Cincinnati Pride : RHP Jesús Andrade
|
Batting: LHB Javier Orozco
|
0-0: Foul Ball, location: 2F 0-1: Foul Ball, location: 2F 0-2: Foul Ball, location: 2F 0-2: Ball 1-2: Ball 2-2: Foul Ball, location: 2F 2-2: Foul Ball, location: 2F 2-2: Ball 3-2: Ground out U3 (Groundball, 3)
|
Batting: RHB Tom Hughes
|
0-0: Ball 1-0: Fly out, F8 (Flyball, 8LM)
|
Batting: LHB John Horton
|
0-0: Called Strike 0-1: Ball 1-1: Foul Ball, location: 2F 1-2: Ball 2-2: Strikes out swinging
|
Bottom of the 2nd over - 0 run(s), 0 hit(s), 0 error(s), 0 left on base; Cincinnati 3 - Barry's Bay 0 |
TOP OF THE 3RD |
Cincinnati Pride batting - Pitching for Barry's Bay Orioles : LHP Ben Turner
|
Batting: RHB Roberto Chávez
|
0-0: Ball 1-0: Swinging Strike 1-1: SOLO HOME RUN (Flyball, 7LD), Distance : 331 ft
|
Batting: RHB Randy Simons
|
0-0: Ball 1-0: Ball 2-0: Ball 3-0: Called Strike 3-1: Called Strike 3-2: Base on Balls
|
Batting: SHB Rafael Villa
|
0-0: Ball 1-0: Fly out, F8 (Flyball, 8LM)
|
Batting: RHB Wilson Flores
|
0-0: Foul Ball, location: 2F 0-1: Ball 1-1: Ball 2-1: Foul Ball, location: 2F 2-2: Strikes out swinging
|
Batting: LHB Marvin Morris
|
0-0: Called Strike 0-1: Foul Ball, location: 2F 0-2: Foul Ball, location: 2F 0-2: Strikes out looking
|
Top of the 3rd over - 1 run(s), 1 hit(s), 0 error(s), 1 left on base; Cincinnati 4 - Barry's Bay 0 |
BOTTOM OF THE 3RD |
Barry's Bay Orioles batting - Pitching for Cincinnati Pride : RHP Jesús Andrade
|
Batting: LHB Martin Short
|
0-0: Foul Ball, location: 2F 0-1: Foul Ball, location: 2F 0-2: Strikes out swinging
|
Batting: LHB Juan Romero
|
0-0: Ball 1-0: TRIPLE (Flyball, 78XD)
|
Batting: SHB Walt Simmons
|
0-0: Ball 1-0: Called Strike 1-1: Ball 2-1: Foul Ball, location: 2F 2-2: Strikes out swinging
|
Batting: LHB Joe Baker
|
0-0: Foul Ball, location: 2F 0-1: Called Strike 0-2: Ball 1-2: Ball 2-2: Foul Ball, location: 2F 2-2: Strikes out swinging
|
Bottom of the 3rd over - 0 run(s), 1 hit(s), 0 error(s), 1 left on base; Cincinnati 4 - Barry's Bay 0 |
TOP OF THE 4TH |
Cincinnati Pride batting - Pitching for Barry's Bay Orioles : LHP Ben Turner
|
Batting: RHB Norris Howard
|
0-0: Ball 1-0: Ball 2-0: Called Strike 2-1: Called Strike 2-2: Ball 3-2: Base on Balls
|
Batting: RHB Larry Booth
|
0-0: Ball 1-0: Ball 2-0: Foul Ball, location: 2F 2-1: Ball 3-1: Foul Ball, location: 2F 3-2: Strikes out looking
|
Batting: RHB Gabriel Villegas
|
0-0: Ball 1-0: Ball 2-0: Called Strike 2-1: Swinging Strike 2-2: Ball 3-2: Foul Ball, location: 2F 3-2: DOUBLE (Flyball, 89M) Norris Howard to third Norris Howard scores
|
Batting: RHB Michael Skinner
|
0-0: Ball 1-0: Swinging Strike 1-1: Called Strike 1-2: Ground out 5-3 (Groundball, 56)
|
Pitching: RHP Daniel Betteridge
|
|
Batting: RHB Roberto Chávez
|
0-0: Ball 1-0: Ball 2-0: Foul Ball, location: 2F 2-1: Foul Ball, location: 2F 2-2: Foul Ball, location: 2F 2-2: Ball 3-2: Ground out U3 (Groundball, 3S)
|
Top of the 4th over - 1 run(s), 1 hit(s), 0 error(s), 1 left on base; Cincinnati 5 - Barry's Bay 0 |
BOTTOM OF THE 4TH |
Barry's Bay Orioles batting - Pitching for Cincinnati Pride : RHP Jesús Andrade
|
Batting: RHB Juan Méndez
|
0-0: Called Strike 0-1: Fly out, F8 (Flyball, 8RM)
|
Batting: RHB Shaun Puckett
|
0-0: Ball 1-0: Ball 2-0: Ball 3-0: Called Strike 3-1: Swinging Strike 3-2: Strikes out swinging
|
Batting: LHB Javier Orozco
|
0-0: Called Strike 0-1: Foul Ball, location: 2F 0-2: Ball 1-2: Strikes out looking
|
Bottom of the 4th over - 0 run(s), 0 hit(s), 0 error(s), 0 left on base; Cincinnati 5 - Barry's Bay 0 |
TOP OF THE 5TH |
Cincinnati Pride batting - Pitching for Barry's Bay Orioles : RHP Daniel Betteridge
|
Batting: RHB Randy Simons
|
0-0: Called Strike 0-1: Ball 1-1: Ball 2-1: Fly out, F9 (Flyball, 9S)
|
Batting: SHB Rafael Villa
|
0-0: Called Strike 0-1: SINGLE (Line Drive, 6MD)
|
Batting: RHB Wilson Flores
|
0-0: Fly out, F9 (Flyball, 89S)
|
Batting: LHB Marvin Morris
|
0-0: Called Strike 0-1: SINGLE (Groundball, 34D) Rafael Villa to second Runner from 2nd tries for 3rd, SAFE, throw made to third
|
Batting: RHB Norris Howard
|
0-0: Ball 1-0: Called Strike 1-1: Swinging Strike 1-2: Strikes out swinging
|
Top of the 5th over - 0 run(s), 2 hit(s), 0 error(s), 2 left on base; Cincinnati 5 - Barry's Bay 0 |
BOTTOM OF THE 5TH |
Barry's Bay Orioles batting - Pitching for Cincinnati Pride : RHP Jesús Andrade
|
Batting: RHB Tom Hughes
|
0-0: Called Strike 0-1: Foul Ball, location: 2F 0-2: Strikes out looking
|
Batting: LHB John Horton
|
0-0: Ball 1-0: Ball 2-0: Called Strike 2-1: Called Strike 2-2: Ball 3-2: Strikes out looking
|
Batting: LHB Martin Short
|
0-0: Ground out 4-3 (Groundball, 4)
|
Bottom of the 5th over - 0 run(s), 0 hit(s), 0 error(s), 0 left on base; Cincinnati 5 - Barry's Bay 0 |
TOP OF THE 6TH |
Cincinnati Pride batting - Pitching for Barry's Bay Orioles : RHP Daniel Betteridge
|
Batting: RHB Larry Booth
|
0-0: Called Strike 0-1: Ball 1-1: Ball 2-1: Foul Ball, location: 2F 2-2: Strikes out looking
|
Batting: RHB Gabriel Villegas
|
0-0: Ball 1-0: Called Strike 1-1: Ball 2-1: Foul Ball, location: 2F 2-2: SINGLE (Flyball, 9S)
|
Batting: RHB Michael Skinner
|
0-0: Fly out, F9 (Flyball, 9M)
|
Batting: RHB Roberto Chávez
|
0-0: Ball 1-0: Swinging Strike 1-1: SINGLE (Groundball, 4M) Gabriel Villegas to second Runner from 2nd tries for 3rd, SAFE, throw made to third
|
Batting: RHB Randy Simons
|
0-0: Ball 1-0: Ball 2-0: SINGLE (Flyball, 9M) Gabriel Villegas scores Roberto Chávez to second Runner from 2nd tries for 3rd, SAFE, no throw or cutoff
|
Batting: SHB Rafael Villa
|
0-0: SINGLE (Groundball, 34D) Roberto Chávez scores Randy Simons to second Runner from 2nd tries for 3rd, SAFE, throw made to third
|
Batting: RHB Wilson Flores
|
0-0: Ball 1-0: SINGLE (Groundball, 56) Randy Simons scores Rafael Villa to second
|
Batting: LHB Marvin Morris
|
0-0: SINGLE (Line Drive, 4D) Rafael Villa to third Wilson Flores to second Runner from 3rd tries for Home, SAFE, throw made home Wilson Flores to third Marvin Morris to second
|
Pitching: RHP Rob Young
|
|
Batting: RHB Norris Howard
|
0-0: Ball 1-0: Ball 2-0: Called Strike 2-1: Foul Ball, location: 2F 2-2: Fly out, F9 (Flyball, 9M)
|
Top of the 6th over - 4 run(s), 6 hit(s), 0 error(s), 2 left on base; Cincinnati 9 - Barry's Bay 0 |
BOTTOM OF THE 6TH |
Barry's Bay Orioles batting - Pitching for Cincinnati Pride : RHP Jesús Andrade
|
Batting: LHB Juan Romero
|
0-0: Called Strike 0-1: Fly out, F7 (Flyball, 78M)
|
Batting: SHB Walt Simmons
|
0-0: Ball 1-0: SOLO HOME RUN (Flyball, 9D), Distance : 356 ft
|
Batting: LHB Joe Baker
|
0-0: Ball 1-0: Ball 2-0: Foul Ball, location: 2F 2-1: Ball 3-1: Called Strike 3-2: Base on Balls
|
Batting: RHB Juan Méndez
|
0-0: Called Strike 0-1: Called Strike 0-2: Ball 1-2: SINGLE (Groundball, 4MD) (infield hit) Joe Baker to second
|
Batting: RHB Shaun Puckett
|
0-0: Called Strike 0-1: SINGLE (Line Drive, 78S) Joe Baker to third Juan Méndez to second
|
Batting: LHB Javier Orozco
|
0-0: Called Strike 0-1: Foul Ball, location: 2F 0-2: Fly out, F7 (Flyball, 78S) Runner from 3rd tags up, SCORES, throw made
|
Batting: RHB Tom Hughes
|
0-0: Foul Ball, location: 2F 0-1: Called Strike 0-2: Foul Ball, location: 2F 0-2: Strikes out swinging
|
Bottom of the 6th over - 2 run(s), 3 hit(s), 0 error(s), 2 left on base; Cincinnati 9 - Barry's Bay 2 |
TOP OF THE 7TH |
Cincinnati Pride batting - Pitching for Barry's Bay Orioles : RHP Rob Young
|
Batting: RHB Larry Booth
|
0-0: Ball 1-0: Called Strike 1-1: SINGLE (Groundball, 6MD)
|
Batting: RHB Gabriel Villegas
|
0-0: Bunted foul 0-1: Ball 1-1: Sac Bunt - play at first, batter OUT! 6-4 Larry Booth to second
|
Batting: RHB Michael Skinner
|
0-0: Fly out, F8 (Flyball, 8RM)
|
Batting: RHB Roberto Chávez
|
0-0: SINGLE (Flyball, 9LS) Larry Booth to third Runner from 3rd tries for Home, SAFE, no throw or cutoff
|
Batting: RHB Randy Simons
|
0-0: Ball 1-0: Ball 2-0: SINGLE (Groundball, 6MD) Roberto Chávez to second
|
Batting: SHB Rafael Villa
|
0-0: Foul Ball, location: 2F 0-1: Ball 1-1: Ball 2-1: Ball 3-1: Fly out, F8 (Line Drive, 8LM)
|
Top of the 7th over - 1 run(s), 3 hit(s), 0 error(s), 2 left on base; Cincinnati 10 - Barry's Bay 2 |
BOTTOM OF THE 7TH |
Barry's Bay Orioles batting - Pitching for Cincinnati Pride : RHP Jesús Andrade
|
Pitching: LHP Ángelo Santana
|
|
Batting: LHB John Horton
|
0-0: Ball 1-0: Foul Ball, location: 2F 1-1: Swinging Strike 1-2: Strikes out swinging
|
Batting: LHB Martin Short
|
0-0: Called Strike 0-1: Ball 1-1: Ball 2-1: SINGLE (Groundball, 34D)
|
Batting: LHB Juan Romero
|
0-0: Ball 1-0: Called Strike 1-1: Ball 2-1: Called Strike 2-2: Strikes out looking
|
Batting: SHB Walt Simmons
|
0-0: SINGLE (Groundball, 6MD) Martin Short to second
|
Pitching: RHP Jesús Alvarado
|
|
Batting: LHB Joe Baker
|
0-0: Called Strike 0-1: Foul Ball, location: 2F 0-2: Ball 1-2: Strikes out swinging
|
Bottom of the 7th over - 0 run(s), 2 hit(s), 0 error(s), 2 left on base; Cincinnati 10 - Barry's Bay 2 |
TOP OF THE 8TH |
Cincinnati Pride batting - Pitching for Barry's Bay Orioles : RHP Rob Young
|
Batting: RHB Wilson Flores
|
0-0: TRIPLE (Flyball, 78M)
|
Batting: LHB Marvin Morris
|
0-0: Foul Ball, location: 2F 0-1: Foul Ball, location: 2F 0-2: Strikes out swinging
|
Batting: RHB Norris Howard
|
0-0: Ball 1-0: Ball 2-0: Called Strike 2-1: Ball 3-1: Fly out, F4 (Popup, 34D)
|
Batting: RHB Larry Booth
|
0-0: Ball 1-0: Ground out 6-3 (Groundball, 6M)
|
Top of the 8th over - 0 run(s), 1 hit(s), 0 error(s), 1 left on base; Cincinnati 10 - Barry's Bay 2 |
BOTTOM OF THE 8TH |
Barry's Bay Orioles batting - Pitching for Cincinnati Pride : RHP Jesús Alvarado
|
Batting: RHB Juan Méndez
|
0-0: Ground out 4-3 (Groundball, 4)
|
Batting: RHB Shaun Puckett
|
0-0: Swinging Strike 0-1: Hit by Pitch
|
Batting: LHB Javier Orozco
|
0-0: Called Strike 0-1: Fly out, F3 (Popup, 3S)
|
Batting: RHB Tom Hughes
|
0-0: Ball 1-0: Ball 2-0: SINGLE (Line Drive, 6M) Shaun Puckett to second Runner from 2nd tries for 3rd, SAFE, no throw or cutoff
|
Batting: LHB John Horton
|
0-0: Ball 1-0: Swinging Strike 1-1: Ground out 4-3 (Groundball, 34)
|
Bottom of the 8th over - 0 run(s), 1 hit(s), 0 error(s), 2 left on base; Cincinnati 10 - Barry's Bay 2 |
TOP OF THE 9TH |
Cincinnati Pride batting - Pitching for Barry's Bay Orioles : RHP Rob Young
|
Batting: RHB Gabriel Villegas
|
0-0: SINGLE (Groundball, 34)
|
Batting: RHB Michael Skinner
|
0-0: Fly out, F8 (Flyball, 8LXD)
|
Batting: RHB Roberto Chávez
|
0-0: Called Strike 0-1: Foul Ball, location: 2F 0-2: Strikes out swinging
|
Batting: RHB Randy Simons
|
0-0: Called Strike 0-1: Fly out, F7 (Flyball, 7M)
|
Top of the 9th over - 0 run(s), 1 hit(s), 0 error(s), 1 left on base; Cincinnati 10 - Barry's Bay 2 |
BOTTOM OF THE 9TH |
Barry's Bay Orioles batting - Pitching for Cincinnati Pride : RHP Jesús Alvarado
|
Now at 3B: Juan Martínez
|
|
Batting: LHB Martin Short
|
0-0: Called Strike 0-1: Ball 1-1: Ball 2-1: Ball 3-1: Fly out, F6 (Popup, 6)
|
Batting: LHB Juan Romero
|
0-0: Fly out, F3 (Popup, 15)
|
Batting: SHB Walt Simmons
|
0-0: Swinging Strike 0-1: Ball 1-1: Ball 2-1: Called Strike 2-2: Strikes out swinging
|
Bottom of the 9th over - 0 run(s), 0 hit(s), 0 error(s), 0 left on base; Cincinnati 10 - Barry's Bay 2 |
|